 Dungeon Crawl Stone Soup version 0.31-a0-187-gba352fbbf7 (webtiles) character file.

Game seed: 2592304821075598341

57 qw the Shooter (level 3, -2/20 HPs)
             Began as a Deep Elf Hunter on June 22, 2023.
             Slain by an adder (3 damage)
             ... on level 2 of the Dungeon.
             The game lasted 00:00:29 (1365 turns).

qw the Shooter (Deep Elf Hunter)                    Turns: 1365, Time: 00:00:29

Health: -2/20      AC:  3    Str: 10    XL:     3   Next: 73%
Magic:  5/5        EV: 12    Int: 13    God:
Gold:   56         SH:  0    Dex: 18    Spells: 2/2 levels left

rFire   . . .        Y - +0 shortbow
rCold   . . .        (shield currently unavailable)
rNeg    . . .        c - +0 leather armour
rPois   .            (no helmet)
rElec   .            (no cloak)
rCorr   .            (no gloves)
SInv    .            (no boots)
Will    .....        (no amulet)
Stlth   ++           (no ring)
HPRegen 0.23/turn    (no ring)
MPRegen 0.09/turn

%: no passive effects
@: lethally poisoned (-2 -> -3)
A: no striking features
a: no special abilities


You were on level 2 of the Dungeon.
You visited 1 branch of the dungeon, and saw 2 of its levels.

You collected 56 gold pieces.


   Skills:
 - Level 1.5 Fighting
 + Level 7.2 Ranged Weapons
 - Level 2.4 Dodging
 - Level 1.2 Stealth


You had 2 spell levels left.
You didn't know any spells.
Your spell library was empty.

Inventory:

Hand Weapons
 Y - a +0 shortbow (weapon)
Armour
 c - a +0 leather armour (worn)
Scrolls
 a - 2 scrolls of identify
 b - a scroll of poison {unknown}
 f - a scroll of acquirement {unknown}
Potions
 d - a potion of curing {unknown}
 e - 3 potions of enlightenment
 g - a potion of heal wounds {unknown}

Dungeon Overview and Level Annotations

Branches:
Dungeon (2/15)

Altars:


Message History

You shoot an arrow. The arrow hits the bat!
You kill the bat!
You shoot an arrow.
The arrow hits the kobold but does no damage.
The kobold misses you. The kobold hits you with a +0 club.
You shoot an arrow. The arrow hits the kobold.
The kobold is heavily wounded.
You hear an angry hiss.
An adder comes into view.
The kobold closely misses you.
You shoot an arrow. The arrow closely misses the kobold.
The kobold hits you but does no damage.
You shoot an arrow. The arrow closely misses the kobold.
A quokka comes into view.
The kobold misses you.
You shoot an arrow.
The arrow hits the kobold but does no damage.
The kobold is heavily wounded.
The adder barely misses you. The kobold hits you with a +0 club.
You shoot an arrow. The arrow hits the kobold.
You kill the kobold!
The adder closely misses you. x2
You shoot an arrow. The arrow hits the adder!
The adder is almost dead.
The quokka bites you. The adder bites you.
You are poisoned.
The adder poisons you! The quokka bites you.
You shoot an arrow. The arrow misses the adder.
You feel sick. The adder bites you but does no damage.
The quokka barely misses you. The adder bites you but does no damage.
You shoot an arrow.
The arrow hits the adder but does no damage.
The adder is almost dead.
You feel sick. The quokka bites you. The adder barely misses you.
You shoot an arrow. The arrow closely misses the adder.
You feel sick. The quokka barely misses you. The adder completely misses you.
The quokka closely misses you. The adder bites you.
You shoot an arrow. The arrow closely misses the adder.
You feel sick. The adder bites you.
You die...

.......#.#.#####.#.........#+####
.##.##...#..####.#.######......#
.#...#.#.#.#...#.#.....####.##.#
...#...#...###.#.#####.# #...>#
.#...#.#.#.###.#.# #.#######.#
.##(##...#..##.#.# #.#.....#.#
.......#.#.###.#.# #.#.###.#.##
#.###.##...###.#.# #.#.# #.#...
.........#.#...#@# #.#.# #.#...
###.###.##...###Sr...#.#.###.#...
..)........### ....#.#.#.#...#...
#.###.###.## .###.# #)..#.###.##
...#...#### #. .# #####.......
####.#.# # ## #####.#. .....#.#
#.#. ######.# #.#. #.....# #.#.


You could see an adder and a quokka.

Vanquished Creatures
  An adder (D:2)
  A worm (D:2)
  4 endoplasms
  5 giant cockroaches
  2 goblins
  4 hobgoblins
  3 kobolds
  5 quokkas
  2 ball pythons
  6 bats
  2 frilled lizards (D:2)
  5 rats
40 creatures vanquished.

Notes
Turn   | Place    | Note
-------+----------+-------------------------------------------
     0 | D:1      | qw the Deep Elf Hunter began the quest for the Orb.
     0 | D:1      | Reached XP level 1. HP: 12/12 MP: 3/3
     0 | D:1      | 0 ||| qw: Version: 0.3-a-9-g12657ce
     0 | D:1      | 0 ||| qw: Game counter: 2045
     0 | D:1      | 0 ||| qw: Always use a shield: true
     0 | D:1      | 0 ||| qw: God list: Okawaru
     0 | D:1      | 0 ||| qw: Allow faded altars: false
     0 | D:1      | 0 ||| qw: Do Orc after D:15 true
     0 | D:1      | 0 ||| qw: Do second Lair branch before Depths: true
     0 | D:1      | 0 ||| qw: Lair rune preference: random
     0 | D:1      | 0 ||| qw: Plans: Normal
     0 | D:1      | 0 ||| PLANNING D:1-11
    67 | D:1      | Found a faded altar of an unknown god.
   218 | D:1      | Reached XP level 2. HP: 16/16 MP: 4/4
   219 | D:1      | Reached skill level 6 in Ranged Weapons
   651 | D:1      | 651 ||| READING 4 scrolls labelled ECURPH VO CUPS.
   652 | D:1      | 652 ||| READING scroll labelled SITAM FIKHI.
   653 | D:1      | 653 ||| READING scroll labelled VYUNE QOEF RYG.
   654 | D:1      | 654 ||| READING 3 scrolls of identify.
   654 | D:1      | 654 ||| IDENTIFYING black potion
   655 | D:1      | 655 ||| READING 2 scrolls of identify.
   655 | D:1      | 655 ||| IDENTIFYING sapphire potion
   656 | D:1      | 656 ||| DROPPING scroll of butterflies.
   657 | D:1      | 657 ||| DROPPING potion of attraction.
   850 | D:2      | Reached XP level 3. HP: 20/20 MP: 5/5
   869 | D:2      | HP: 5/20 [poisoned by an adder]
   872 | D:2      | HP: 2/20 [poisoned by an adder]
  1068 | D:2      | Reached skill level 7 in Ranged Weapons
  1363 | D:2      | HP: 4/20 [quokka (3)]
  1365 | D:2      | HP: 1/20 [poisoned by an adder]
  1365 | D:2      | Slain by an adder

Levels and vault maps discovered:
D:1:      amcnicky_arrival_blooded_trapdoor, layout_loops_ring,
          shapermc_ecumenical_altar_gd
D:2:      layout_basic, nicolae_concentric_dashed_squares_wild,
          minmay_tromino_v4_b

Skill      XL: |  1  2  3 |
---------------+----------+-----
Ranged Weapons | 6 7 |  7.2
Fighting       | |  1.5
Dodging        | |  2.4
Stealth        | |  1.2

Action                     || total
---------------------------++-------
   Fire: Shortbow          ||   119
    Use: Scroll            ||     5
 Armour: Leather armour    ||    23
  Dodge: Dodged            ||    39

Table legend:
 A = Non-vault XP
 B = Vault XP
 C = Vault XP percentage of total XP
 D = Non-vault monster count
 E = Vault monster count
 F = Vault count percentage of total count
                 A         B        C        D         E       F
            +---------+---------+-------+---------+---------+-------
      Total |      78 |       4 |   4.9 |      38 |       2 |   5.0
            +---------+---------+-------+---------+---------+-------
        D:1 |      27 |       0 |   0.0 |      17 |       0 |   0.0
        D:2 |      51 |       4 |   7.3 |      21 |       2 |   8.7
            +---------+---------+-------+---------+---------+-------
